 Dungeon Crawl Stone Soup version 0.31.0-10-gcf4a605ca0 (webtiles) character file.

Game seed: 15669141317191569147

53 Arcadio the Changeling (level 3, 0/42 HPs)
             Began as a Merfolk Shapeshifter on Jan 25, 2024.
             Was a Believer of Lugonu.
             Succumbed to an adder's poison
             ... on level 3 of the Dungeon.
             The game lasted 00:03:08 (1678 turns).

Arcadio the Changeling (Merfolk Shapeshifter)       Turns: 1678, Time: 00:03:09

Health: 0/42       AC: 21    Str: 16    XL:     3   Next: 89%
Magic:  3/3        EV:  2    Int:  9    God:    Lugonu [**....]
Gold:   87         SH:  0    Dex: 13    Spells: 2/2 levels left

rFire   . .          .
                       - Unarmed
rCold   . . .        (no shield)
rNeg    . . .        j - melded +0 ring mail
rPois   +            (helmet currently unavailable)
rElec   .            (cloak currently unavailable)
rCorr   +            (gloves currently unavailable)
SInv    .            (boots currently unavailable)
Will    .....        (no amulet)
Stlth   +            g - ring of resist corrosion
HPRegen 0.27/turn    (no ring)
MPRegen 0.08/turn

%: no passive effects
@: lethally poisoned (0 -> -6), tree-form, attractive
A: stationary, stasis, torment immunity, boosted hp, (nimble swimmer 2),
(mertail)
a: Renounce Religion, Depart the Abyss, Banish


You were on level 3 of the Dungeon.
You worshipped Lugonu.
Lugonu was pleased with you.
You were a tree.
You visited 1 branch of the dungeon, and saw 3 of its levels.

You collected 87 gold pieces.

Inventory:

Armour
 a - a +0 animal skin
 j - a +0 ring mail (melded)
 o - a +0 cloak
 p - a +0 buckler
Jewellery
 g - a ring of resist corrosion (left branch)
Talismans
 c - a beast talisman
 d - a flux talisman
Wands
 k - a wand of charming (14)
Scrolls
 m - a scroll of noise {unknown}
 n - a scroll of acquirement {unknown}
 q - a scroll of identify {unknown}
Potions
 b - a potion of lignification


   Skills:
 + Level 2.5 Fighting
 + Level 3.7 Dodging
 + Level 4.0 Unarmed Combat
 - Level 4.0 Shapeshifting


You had 2 spell levels left.
You didn't know any spells.
Your spell library contained the following spells:

 Spells                   Type           Power      Damage    Failure   Level
 Freeze                   Ice            0%         1d3       38%         1
 Frozen Ramparts          Ice            0%         1d1       77%         3
 Hailstorm                Conj/Ice       0%         3d5       77%         3
 Stone Arrow              Conj/Erth      0%         3d7       77%         3
 Animate Armour           Summ/Erth      0%         N/A       99%         4
 Lehudib's Crystal Spear  Conj/Erth      0%         10d2      100%        8


Dungeon Overview and Level Annotations

Branches:
Dungeon (3/15)

Altars:
Lugonu


Innate Abilities, Weirdness & Mutations

You are a tree.
Your roots penetrate the ground, keeping you stationary.
You cannot be teleported.
You are immune to unholy pain and torment.
Your maximum health is greatly increased.
Your equipment is partially melded.
((You are very nimble when in or above water. (Stealth+, EV+, Speed+++)))
((Your lower body shifts to a powerful aquatic tail in water.))


Message History

It was a potion of heal wounds.
You feel much better.
You feel very sick. The goblin hits you but does no damage.
You are lethally poisoned!
It was a potion of attraction.
You feel attractive to monsters.
You feel very sick. The goblin closely misses you.
Okay, then.
As you read the scroll of teleportation, it crumbles to dust.
You feel strangely unstable.
You feel very sick. The adder bites you but does no damage.
The goblin barely misses you. The adder bites you.
You are more poisoned.
The adder poisons you!
You feel very sick.
Your surroundings suddenly seem different.
* * * LOW HITPOINT WARNING * * *
You feel very sick.
Your transformation has ended.
You turn into a tree.
Your +0 ring mail melds into your body.
Your roots penetrate the ground.
* * * LOW HITPOINT WARNING * * *
You feel very sick.
Okay, then.
As you read the scroll labelled HOBUPO PARA KALE, it crumbles to dust.
You cannot blink because you are held in place by your roots.
It was a scroll of blinking.
* * * LOW HITPOINT WARNING * * *
You feel sick.
As you read the scroll labelled ZITY PONIOT, it crumbles to dust.
You feel aware of your surroundings.
You sensed 1 altar.
It was a scroll of revelation.
A hobgoblin comes into view.
* * * LOW HITPOINT WARNING * * *
You feel sick.
As you read the scroll labelled VOOXUCZ ONEIZE, it crumbles to dust.
Wisps of shadow whirl around you...
It was a scroll of summoning.
You die...

#....# *,,,***,*,****
####...######.#.# *,*,*,~,
#......######...# *,,,*,~,
#.#...######...## *,,,*,~~
**######.#...######...## *,,,*,~~
,,............#####.>.## *,,,*,~~
,,....................## *,,,*,~,
**##..........####K...## *,,,*,~,
,,*###......####♣.....## *>,,****
,,,,*###..####..).g...## *,,,*~,,
*,,,,,*#####...S.##...## *,,,*8~,
*,,,,,***###.....####### *,,,****
,,,,****,.####....###### *,*,,,,,
,,****,,,...####....####**,*****,
****,,,,,.....####.g....,,,,,,,,,
,,,,,,,,,..?............,,,,,,,,,
,,,,,,,,,,,,,,,,*,,,*******,,,,,,


You could see a friendly adder (summoned, wandering), a friendly goblin
(summoned, wandering) and a friendly kobold (summoned, wandering).

Vanquished Creatures
  2 ribbon worms (D:2)
  An orc (D:2)
  9 ball pythons
  4 endoplasms
  3 giant cockroaches
  4 goblins
  3 hobgoblins
  5 kobolds
  4 quokkas
  2 bats (D:1)
  3 frilled lizards
  3 rats
43 creatures vanquished.

Notes
Turn   | Place    | Note
-------+----------+-------------------------------------------
     0 | D:1      | Arcadio the Merfolk Shapeshifter began the quest for the
                  | Orb.
     0 | D:1      | Reached XP level 1. HP: 15/15 MP: 1/1
   139 | D:1      | Reached XP level 2. HP: 18/21 MP: 2/2
   553 | D:1      | Found a faded altar of an unknown god.
   568 | D:1      | Prayed at the altar of an unknown god.
   568 | D:1      | Became a worshipper of Lugonu the Unformed
   568 | D:1      | Reached * piety under Lugonu
   838 | D:1      | Reached XP level 3. HP: 23/27 MP: 3/3
  1303 | D:2      | Reached ** piety under Lugonu
  1677 | D:3      | HP: 2/42 [poisoned by an adder]
  1678 | D:3      | Succumbed to an adder's poison

Illustrated notes

Levels and vault maps discovered:
D:1:      erik_arrival_cave_to_civilisation [erik_arrival_cave_to_hall],
          layout_basic, ebering_ecumenical_altar_abandoned
D:2:      layout_basic, minmay_pentomino_v4
D:3:      gammafunk_wand_slinger, layout_rooms, mainiacjoe_overflow_alcove_1,
          minmay_misc_feat_x, uniq_grinder

Skill      XL: |  1  2  3 |
---------------+----------+-----
Dodging        | 3 |  3.7
Fighting       | 2 |  2.5
Unarmed Combat | 4 |  4.0
Shapeshifting  | |  4.0

Action                     || total
---------------------------++-------
  Melee: Unarmed           ||    99
         Punch             ||     3
    Use: Scroll            ||     5
         Potion            ||     3
 Armour: Animal skin       ||    18
         Ring mail         ||    30
  Dodge: Dodged            ||    70
